 Dungeon Crawl Stone Soup version 0.28-a0-79-g444c7a33f5 (webtiles) character file.

Game seed: 6528773076623086524

5409 ipx the Nimble (level 10, -6/56 HPs)
             Began as a Deep Elf Ice Elementalist on Aug 3, 2021.
             Was a Priest of Kikubaaqudgha.
             Mangled by a blink frog (17 damage)
             ... on level 2 of the Lair of Beasts.
             The game lasted 01:13:01 (4450 turns).

ipx the Nimble (Deep Elf Ice Elementalist)          Turns: 4450, Time: 01:13:02

Health: -6/56      AC:  4    Str:  9    XL:     10   Next: 40%
Magic:  7/24       EV: 16    Int: 24    God:    Kikubaaqudgha [***...]
Gold:   210        SH:  0    Dex: 15    Spells: 2/25 levels left

rFire   + . .      SeeInvis .   A - +2 quarterstaff of Evisceration {drain, rF+ Str+4}
rCold   . . .      Faith    .   (shield currently unavailable)
rNeg    . . .      Spirit   .   z - +0 robe
rPois   .          Reflect  .   (no helmet)
rElec   .          Harm     .   y - +0 cloak
rCorr   .          Rampage  +   (no gloves)
Will    +....                   p - +0 pair of boots {rampage}
Stlth   ++........              (no amulet)
HPRegen 0.18/turn               (no ring)
MPRegen 0.19/turn               (no ring)

@: no status effects
A: no striking features
a: Renounce Religion, Receive Corpses


You were on level 2 of the Lair of Beasts.
You worshipped Kikubaaqudgha.
Kikubaaqudgha was most pleased with you.
You visited 2 branches of the dungeon, and saw 13 of its levels.

You collected 570 gold pieces.
You spent 360 gold pieces at shops.

Inventory:

Hand Weapons
 b - a +2 dagger of venom
 A - the +2 quarterstaff of Evisceration (weapon) {drain, rF+ Str+4}
   (You found it on level 8 of the Dungeon)

   A truly terrible weapon, it drains the life of any living foe it strikes.
   Str:       It affects your strength (+4).
   rF:        It protects you from fire.
Missiles
 B - a curare-tipped dart (quivered)
Armour
 l - a +0 kite shield
 p - a +0 pair of boots of rampaging (worn)
 w - a +0 buckler of positive energy
 y - a +0 cloak (worn)
 z - a +0 robe (worn)
Magical Staves
 a - a staff of death
 s - a staff of poison
Jewellery
 f - a ring of fire
 u - an amulet of guardian spirit
Wands
 C - a wand of polymorph (10)
Scrolls
 d - a scroll of blinking
 e - 2 scrolls of enchant weapon
 k - 6 scrolls of teleportation
 n - a scroll of magic mapping {unknown}
 o - 3 scrolls of immolation {unknown}
 q - a scroll of amnesia {unknown}
 r - 2 scrolls of acquirement {unknown}
 t - a scroll of fear
 v - a scroll of fog
Potions
 c - a potion of degeneration {unknown}
 g - a potion of invisibility
 h - a potion of berserk rage
 i - 3 potions of mutation
 j - a potion of attraction {unknown}
 m - a potion of ambrosia {unknown}
 x - a potion of lignification {unknown}


   Skills:
 - Level 3.0 Fighting
 + Level 9.0 Dodging
 - Level 2.4 Stealth
 - Level 1.4 Shields
 - Level 8.0 Spellcasting
 - Level 8.0 Conjurations
 * Level 6.3 Necromancy
 + Level 2.6 Transmutations
 * Level 8.2 Ice Magic
 + Level 2.6 Earth Magic


You had 2 spell levels left.
You knew the following spells:

 Your Spells              Type           Power      Damage    Failure   Level
h - Hailstorm             Conj/Ice       48%        3d11      2%          4
o - Ozocubu's Armour      Ice            49%        N/A       1%          3
p - Corpse Rot            Necr/Air       N/A        N/A       2%          2
r - Frozen Ramparts       Ice            98%        1d11      1%          3
s - Simulacrum            Ice/Necr       22%        N/A       45%         6
w - Passwall              Tmut/Erth      18%        N/A       3%          2
y - Searing Ray           Conj           96%        3d7       1%          2
z - Freeze                Ice            100%       1d11      1%          1

Your spell library contained the following spells:

 Spells                   Type           Power      Damage    Failure   Level
 Foxfire                  Conj/Fire      100%       2x1d9     1%          1
 Magic Dart               Conj           100%       1d8       1%          1
 Pain                     Necr           100%       1d9       1%          1
 Static Discharge         Conj/Air       28%        N/A       1%          2
 Sublimation of Blood     Necr           20%        N/A       1%          2
 Vampiric Draining        Necr           20%        2d8       1%          3
 Conjure Flame            Conj/Fire      28%        6-21      3%          3
 Animate Dead             Necr           20%        N/A       4%          4
 Dispel Undead            Necr           40%        3d16      4%          4
 Fulminant Prism          Conj/Hex       14%        3d9       12%         4
 Sticky Flame             Conj/Fire      28%        2d5       12%         4
 Excruciating Wounds      Necr           20%        N/A       13%         5
 Ignite Poison            Fire/Tmut/Pois 13%        N/A       14%         3
 Call Canine Familiar     Summ           9%         N/A       19%         3
 Inner Flame              Hex/Fire       9%         N/A       19%         3
 Portal Projectile        Hex/Tloc       18%        N/A       19%         3
 Swiftness                Air            9%         N/A       19%         3
 Leda's Liquefaction      Hex/Erth       8%         N/A       36%         4
 Cause Fear               Hex            4%         N/A       54%         4
 Death Channel            Necr           20%        N/A       58%         6
 Invisibility             Hex            4%         N/A       100%        6
 Dragon Form              Tmut           11%        N/A       100%        7
 Haunt                    Necr/Summ      12%        N/A       100%        7
 Infestation              Necr           20%        N/A       100%        8
 Dragon's Call            Summ           4%         N/A       100%        9


Dungeon Overview and Level Annotations

Branches:
Dungeon (10/15)              Lair (3/6) D:8
 Temple: D:4-7        Swamp: Lair:2-4    Shoals: Lair:2-4     Snake: Lair:2-4
 Spider: Lair:2-4       Orc: D:9-12

Altars:
Elyvilon
Hepliaklqana
Kikubaaqudgha
Okawaru
Wu Jian
The Shining One

Shops:
D:2 [   D:4 (

Portals:
Abyss: D:3

Annotations:
D:3 1 transporter
D:5 Ijyb
D:6 3 runed translucent doors, zurenarrh's ghost, novice HOFi
D:7 exclusion: oklob plant, Joseph


Message History

Confirm with . or Enter, or press ? or * to list all spells.
Aiming: Freeze (safe; 1% risk of failure)
Press: ? - help, Shift-Dir - straight line, f/p - water moccasin
Aim: a water moccasin (heavily wounded, slow)
You freeze the water moccasin.
The water moccasin is severely wounded.
You feel sick. The water moccasin misses you.
Casting: Freeze (safe; 1% risk of failure)
Confirm with . or Enter, or press ? or * to list all spells.
Aiming: Freeze (safe; 1% risk of failure)
Press: ? - help, Shift-Dir - straight line, f/p - water moccasin
Aim: a water moccasin (severely wounded, slow)
You freeze the water moccasin!
You kill the water moccasin!
Kikubaaqudgha accepts your kill.
You feel sick.
Okay, then.
Unknown command.
You feel sick.
You feel sick.
You feel sick.
You feel sick.
Found an escape hatch in the ceiling.
There is a stone staircase leading down here.
You feel sick.
You climb downwards.
You feel sick.
You are no longer poisoned.
Found a scroll labelled DOH TONISMIMI.
Found an escape hatch in the floor.
Found a stone staircase leading up.
There is a stone staircase leading up here.
o - 3 scrolls labelled DOH TONISMIMI (gained 1)
There is a stone staircase leading up here.
You climb upwards. 3 blink frogs come into view.
The blink frog hits you!
* * * LOW HITPOINT WARNING * * *
A bullfrog comes into view.
The blink frog closely misses you. The blink frog hits you!
You die...
Kikubaaqudgha rasps: "You have failed me!
Welcome... death!"

## ## ##. ..# ..
#####.. #.###. ##.⌠..#
##.... #.....# #..).##
+..@.⌠# #...#.##
........F.## ##..P....
.##.#..⌠..#..#
#.#.P..#.
..#.##......P.##.......
. #. .F.....P..>......#
. ...<...PP##..##### .
........P....# .#
.F.#...#PP.#.##
#.........


You could see 3 blink frogs.

Vanquished Creatures
  A komodo dragon (Lair:1)
  A cane toad (Lair:1)
  A hornet (D:8)
  2 wraiths (D:9)
  2 wyverns
  A steam dragon (D:4)
  2 basilisks (D:8)
  3 water moccasins
  A swamp drake (D:8)
  2 orc warriors
  A black bear (Lair:2)
  3 ice beasts
  An ogre (D:5)
  3 centaurs
  5 kobold brigands
  7 bullfrogs
  Blork the orc (D:6)
  A gnoll sergeant (D:6)
  A scorpion (D:6)
  3 wights (D:8)
  The ghost of zero the Conjurer, a weakling GrCj (D:3)
  A bullfrog zombie (D:6)
  2 centaur zombies
  A jelly (D:6)
  2 centaur skeletons (D:5)
  3 hounds
  An orc priest (D:3)
  A small abomination (D:3)
  9 orc wizards
  4 iguanas
  A killer bee zombie (D:6)
  A howler monkey zombie (D:4)
  7 gnolls
  6 adders
  A shadow imp (D:5)
  A white imp (D:7)
  An adder skeleton (D:4)
  2 worms
  2 dart slugs
  13 orcs
  5 ball pythons
  8 endoplasms
  4 giant cockroaches
  7 goblins
  6 hobgoblins
  14 jackals
  4 quokkas
  A ball python skeleton (D:3)
  10 bats
  2 frilled lizards (D:1)
  27 kobolds
  A rat (D:1)
191 creatures vanquished.

Vanquished Creatures (others)
  6 fungi
  4 plants
10 creatures vanquished.

Grand Total: 201 creatures vanquished

Notes
Turn   | Place    | Note
-------+----------+-------------------------------------------
     0 | D:1      | ipx the Deep Elf Ice Elementalist began the quest for the
                  | Orb.
     0 | D:1      | Reached XP level 1. HP: 10/10 MP: 6/6
   105 | D:2      | Reached XP level 2. HP: 15/15 MP: 2/8
   124 | D:1      | Reached skill level 5 in Ice Magic
   174 | D:2      | Found a faded altar of an unknown god.
   215 | D:2      | Found Keoffiad's Antique Armour Shop.
   326 | D:1      | Reached XP level 3. HP: 15/19 MP: 4/9
   330 | D:1      | Learned a level 3 spell: Frozen Ramparts
   347 | D:1      | Learned a level 3 spell: Ozocubu's Armour
   660 | D:2      | Reached XP level 4. HP: 18/24 MP: 2/10
   792 | D:3      | Reached XP level 5. HP: 16/28 MP: 4/11
   826 | D:3      | Learned a level 2 spell: Searing Ray
   941 | D:3      | Reached skill level 1 in Conjurations
   961 | D:3      | Found an ancient bone altar of Kikubaaqudgha.
   969 | D:3      | Became a worshipper of Kikubaaqudgha
  1018 | D:3      | Found a one-way gate to the infinite horrors of the Abyss.
  1018 | D:3      | Noticed zero's ghost (weakling GrCj)
  1030 | D:3      | Found a transporter.
  1036 | D:3      | Found a transporter.
  1081 | D:4      | Found Seujekis's Antique Weapon Emporium.
  1151 | D:4      | Noticed a water moccasin
  1290 | D:4      | Noticed a steam dragon
  1363 | D:5      | Entered Level 5 of the Dungeon
  1539 | D:5      | Noticed an ogre
  1573 | D:5      | Killed an ogre
  1574 | D:5      | Reached XP level 6. HP: 32/32 MP: 0/15
  1580 | D:5      | Learned a level 4 spell: Hailstorm
  1647 | D:5      | Reached skill level 5 in Spellcasting
  1763 | D:5      | Noticed Ijyb
  1891 | D:2      | Bought a pair of embroidered boots for 180 gold pieces
  1943 | D:3      | Killed zero's ghost
  1999 | D:3      | Reached XP level 7. HP: 36/36 MP: 1/16
  2075 | D:4      | Reached skill level 5 in Conjurations
  2203 | D:4      | Reached * piety under Kikubaaqudgha
  2203 | D:4      | Received a gift from Kikubaaqudgha
  2262 | D:4      | Killed a steam dragon
  2263 | D:4      | Reached skill level 1 in Necromancy
  2566 | D:6      | Reached XP level 8. HP: 32/41 MP: 10/17
  2585 | D:6      | Noticed Blork the orc
  2594 | D:6      | Killed Blork the orc
  2644 | D:6      | Found a white marble altar of Elyvilon.
  2866 | D:6      | Reached skill level 5 in Necromancy
  2889 | D:8      | Found an ornate altar of the Wu Jian Council.
  2925 | D:7      | Noticed an oklob plant
  3019 | D:7      | Reached skill level 3 in Dodging
  3124 | D:7      | Noticed Joseph
  3163 | D:6      | Reached XP level 9. HP: 24/45 MP: 9/19
  3270 | D:6      | Reached skill level 4 in Dodging
  3293 | D:6      | Found a runed translucent gate.
  3293 | D:6      | Found a runed translucent gate.
  3293 | D:6      | Found a runed translucent gate.
  3294 | D:6      | Noticed zurenarrh's ghost (novice HOFi)
  3412 | D:2      | Bought a shiny buckler for 180 gold pieces
  3502 | D:8      | Found a staircase to the Lair.
  3505 | Lair:1   | Entered Level 1 of the Lair of Beasts
  3556 | D:8      | Reached skill level 1 in Shields
  3589 | D:8      | Reached ** piety under Kikubaaqudgha
  3616 | D:8      | Identified the +2 quarterstaff of Evisceration {drain, rF+
                  | Str+4}
  3633 | D:8      | Reached skill level 5 in Dodging
  3713 | D:8      | Reached skill level 6 in Dodging
  3723 | D:8      | Learned a level 2 spell: Corpse Rot
  3768 | D:8      | Found an iron altar of Okawaru.
  3776 | D:8      | Reached skill level 1 in Fighting
  3867 | D:8      | Reached skill level 7 in Dodging
  4131 | D:9      | Found a glowing golden altar of the Shining One.
  4137 | D:9      | Found a hazy altar of Hepliaklqana.
  4144 | D:10     | Entered Level 10 of the Dungeon
  4160 | D:10     | Reached skill level 8 in Dodging
  4160 | D:10     | Reached XP level 10. HP: 34/56 MP: 13/24
  4248 | D:9      | Learned a level 2 spell: Passwall
  4270 | D:9      | Reached *** piety under Kikubaaqudgha
  4270 | D:9      | Received a gift from Kikubaaqudgha
  4295 | D:9      | Reached skill level 1 in Transmutations
  4295 | D:9      | Reached skill level 1 in Earth Magic
  4343 | Lair:1   | Noticed a cane toad
  4348 | Lair:1   | Killed a cane toad
  4366 | Lair:1   | Learned a level 6 spell: Simulacrum
  4406 | Lair:2   | Reached skill level 9 in Dodging
  4450 | Lair:2   | Mangled by a blink frog

Illustrated notes

Levels and vault maps discovered:
D:1:      amcnicky_arrival_abandoned_market, layout_basic
D:2:      layout_rooms, shapermc_ecumenical_altar_mp_vishouse, serial_shops,
          nicolae_square_shop, kennysheep_nub
D:3:      minmay_diamond_boxcup, layout_loops_ring,
          mainiacjoe_overflow_boulevard, gammafunk_ghost_abyssal_escape,
          uniq_crazy_yiuf_cottage
D:4:      layout_layer_cave, serial_shops, shop_coins
D:5:      layout_basic, minmay_temple_entry_antechambers, kennysheep_potato,
          uniq_ijyb
D:6:      layout_basic, mainiacjoe_overflow_small_starburst,
          gammafunk_ghost_cemetery, minivault_1, grunt_ministairs_14,
          minmay_a_box_with_orc_wizards_in_it, uniq_blork_the_orc
D:7:      lemuel_slime, layout_loops_corners, fedhas_altar_decomposition,
          gammafunk_ghost_smash, uniq_joseph
D:8:      layout_cave_pods, lemuel_crystal_altar, okawaru_gym_becter,
          erik_lair_dragon
D:9:      layout_basic, grunt_temple_overflow_open
D:10:     layout_roguey, david_orc_3
Lair:1:   layout_chaotic_city, hangedman_tree_tricks, minmay_lair_oklob_items,
          uniq_nergalle
Lair:2:   layout_loops_ring, lemuel_fruit_fields, minmay_lair_oklob_chamber,
          grunt_megastairs_1, infiniplex_staircase_pool_2
Lair:3:   layout_misc_corridors, grunt_megastairs_3

Skill      XL: |  1  2  3  4  5  6  7  8  9 10 |
---------------+-------------------------------+-----
Ice Magic      | 5 6 7 8 |  8.2
Conjurations   | 2 4 6 8 |  8.0
Spellcasting   | 4 5 8 |  8.0
Necromancy     | 2 6 |  6.3
Dodging        | 3 8 9 |  9.0
Shields        | 1 |  1.4
Fighting       | 3 |  3.0
Transmutations | 2 |  2.6
Earth Magic    | 2 |  2.6
Stealth        | |  2.4

Action                   |  1- 3 |  4- 6 |  7- 9 | 10-12 || total
-------------------------+-------+-------+-------+-------++-------
Melee: Unarmed           |     3 |     9 |       |       ||    12
       Flail             |       |     9 |       |       ||     9
       Dagger            |       |    21 |    59 |       ||    80
       Quarterstaff      |       |       |    24 |    12 ||    36
Throw: Dart              |       |       |     1 |       ||     1
 Cast: Freeze            |    54 |    38 |    22 |     4 ||   118
       Frozen Ramparts   |     3 |     6 |    20 |     5 ||    34
       Ozocubu's Armour  |     1 |    12 |    29 |     3 ||    45
       Searing Ray       |       |     8 |    33 |     6 ||    47
       Hailstorm         |       |       |     4 |       ||     4
       Passwall          |       |       |       |     1 ||     1
  Use: Potion            |       |     2 |     2 |       ||     4
       Scroll            |       |       |     5 |     1 ||     6
 Stab: Invisible         |       |     1 |       |       ||     1
Armor: Robe              |     2 |    22 |    88 |     6 ||   118
Dodge: Dodged            |    19 |    71 |   104 |    21 ||   215

Table legend: (Time is in decaauts)
 A = Elapsed time spent in this place.
 B = Non-inter-level travel time spent in this place.
 C = Inter-level travel time spent in this place.
 D = Time resting spent in this place.
 E = Time spent auto-exploring this place.
 F = Levels seen in this place.
 G = Mean time per level.
                   A        B        C        D        E       F      G
               +--------+--------+--------+--------+--------+-----+--------+
         Total |   4579 |   4260 |    319 |      0 |      0 |  13 |  352.2 |
       Dungeon |   4442 |   4123 |    319 |      0 |      0 |  10 |  444.2 |
          Lair |    137 |    137 |      0 |      0 |      0 |   3 |   45.7 |
               +--------+--------+--------+--------+--------+-----+--------+

Top non-repeatable levels by time:
     D:4: 683 daAuts
     D:5: 682 daAuts
     D:6: 570 daAuts
     D:3: 516 daAuts
     D:8: 471 daAuts
     D:1: 465 daAuts
     D:2: 348 daAuts
     D:9: 333 daAuts
     D:7: 290 daAuts
  Lair:1: 85 daAuts
    D:10: 80 daAuts
  Lair:2: 44 daAuts
  Lair:3: 7 daAuts
